 Dungeon Crawl Stone Soup version 0.31.0-12-g77e489cdc1 (webtiles) character file.

Game seed: 14011168520545196686

77 lordive the Changeling (level 4, -18/28 HPs)
             Began as an Octopode Shapeshifter on Feb 29, 2024.
             Demolished by Terence
             ... wielding a +2 heavy flail
              (21 damage)
             ... on level 3 of the Dungeon.
             The game lasted 00:01:21 (1812 turns).

lordive the Changeling (Octopode Shapeshifter)      Turns: 1812, Time: 00:01:22

Health: -18/28     AC:  1    Str: 13    XL:     4   Next: 34%
Magic:  4/4        EV: 13    Int: 12    God:
Gold:   154        SH:  0    Dex: 13    Spells: 3/3 levels left

rFire   . .          .
                       - Unarmed
rCold   . . .        (no shield)
rNeg    . . .        (helmet currently unavailable)
rPois   .            (no amulet)
rElec   .            (no ring)
rCorr   .            (no ring)
SInv    .            (no ring)
Will    .....        (no ring)
Stlth   ++           (no ring)
HPRegen 0.24/turn    (no ring)
MPRegen 0.09/turn    (no ring)
                     (no ring)

%: no passive effects
@: beast-form
A: beast (slay +2), almost no armour, amphibious, 8 rings, camouflage 1,
gelatinous body 1, (nimble swimmer 1), tentacles
a: Begin Untransformation


You were on level 3 of the Dungeon.
You were a hulking beast.
You visited 1 branch of the dungeon, and saw 3 of its levels.

You collected 154 gold pieces.

Inventory:

Talismans
 b - a beast talisman
 c - a flux talisman
Wands
 n - a wand of polymorph (6)
Scrolls
 e - 2 scrolls of identify {unknown}
 h - a scroll of teleportation {unknown}
 k - 2 scrolls of fog {unknown}
 m - a scroll of noise {unknown}
 o - a scroll of amnesia {unknown}
Potions
 a - 2 potions of lignification
 d - a potion of berserk rage {unknown}
 f - a potion of haste {unknown}
 g - a potion of curing {unknown}
 i - 2 potions of invisibility {unknown}
 j - a potion of cancellation {unknown}
 l - a potion of might {unknown}
 p - a potion of heal wounds {unknown}
 q - a potion of brilliance {unknown}


   Skills:
 + Level 1.0 Fighting
 + Level 2.4 Dodging
 + Level 3.8 Unarmed Combat
 * Level 4.0 Shapeshifting


You had 3 spell levels left.
You didn't know any spells.
Your spell library contained the following spells:

 Spells                   Type           Power      Damage    Failure   Level
 Summon Lightning Spire   Summ/Air       0%         N/A       97%         4
 Lee's Rapid Deconstruct  Erth           0%         3d4*      100%        5
 Animate Armour           Summ/Erth      Unusable   N/A       N/A         4

Dungeon Overview and Level Annotations

Branches:
Dungeon (3/15)

Altars:

Annotations:
D:3 Terence


Innate Abilities, Weirdness & Mutations

You are a hulking beast.
Your limbs bulge with bestial killing power. (Slay +2)
You cannot wear most types of armour.
You are amphibious.
You can wear up to eight rings at the same time.
Your skin changes colour to match your surroundings (Stealth+).
Your rubbery body absorbs attacks. (AC +1, EV +1)
((You are camouflaged when in or above water. (Stealth+)))
You have tentacles for arms and can constrict up to eight enemies at once.


Message History

Things that are here:
a +0 club; a goblin corpse A hobgoblin comes into view.
Found a stone staircase leading down.
A hobgoblin is nearby!
A hobgoblin is nearby!
A hobgoblin is nearby!
A hobgoblin comes into view.
A hobgoblin comes into view. It is wielding a +0 whip.
The hobgoblin shouts! x2
Terence the Incautious comes into view.
He is wielding a +2 heavy flail.
The hobgoblin throws a stone.
The stone closely misses you.
Terence shouts!
The hobgoblin barely misses you.
There is a stone staircase leading down here.
You tentacle-slap the hobgoblin.
You kill the hobgoblin!
You tentacle-slap Terence but do no damage.
You grab Terence. You squeeze Terence, but do no damage. You constrict Terence.
The hobgoblin hits you but does no damage.
Terence hits you with a +2 heavy flail.
You tentacle-slap Terence but do no damage.
You squeeze Terence.
Terence is moderately wounded.
You constrict Terence, but do no damage.
The hobgoblin barely misses you.
You barely miss Terence. You squeeze Terence, but do no damage.
Terence is moderately wounded.
You constrict Terence.
Terence hits you with a +2 heavy flail!!
Ouch! That really hurt!
* * * LOW HITPOINT WARNING * * *
The hobgoblin hits you.
* * * LOW HITPOINT WARNING * * *
The hobgoblin barely misses you.
You release your grip on Terence.
Terence hits you with a +2 heavy flail!!
Ouch! That really hurt!
You die...
Terence says, "Rest in peace."

#.# .......
#.# .......
#.# .......
#.# .......
#.# .......
#.#
.......###.#
......g@#..#
.......gh.##
........>##
#######.†#
#..# #..#
#..# #..#
#..# #..#


You could see Terence and 2 hobgoblins.

Vanquished Creatures
  Natasha (D:3)
  An adder (D:2)
  A dart slug (D:2)
  2 endoplasms
  2 giant cockroaches
  4 hobgoblins
  8 jackals (D:1)
  2 kobolds
  A quokka (D:2)
  5 ball pythons
  A bat (D:1)
  2 frilled lizards
  2 goblins
  6 rats
38 creatures vanquished.

Notes
Turn   | Place    | Note
-------+----------+-------------------------------------------
     0 | D:1      | lordive the Octopode Shapeshifter began the quest for the
                  | Orb.
     0 | D:1      | Reached XP level 1. HP: 13/13 MP: 1/1
   198 | D:1      | Reached XP level 2. HP: 18/18 MP: 2/2
   886 | D:2      | Reached XP level 3. HP: 23/23 MP: 3/3
  1639 | D:3      | Noticed Natasha
  1647 | D:3      | Killed Natasha
  1648 | D:3      | Reached XP level 4. HP: 28/28 MP: 4/4
  1796 | D:3      | Reached skill level 4 in Shapeshifting
  1805 | D:3      | Noticed Terence
  1812 | D:3      | Demolished by Terence

Illustrated notes

Levels and vault maps discovered:
D:1:      heliophobic_arrival_dark_side_of_the_moon, layout_basic
D:2:      minmay_chambers_of_twos, layout_rooms, amethyst_killhole
D:3:      layout_basic, hellmonk_ghost_happy_afterlife, uniq_sigmund,
          uniq_natasha, uniq_crazy_yiuf_cottage, uniq_terence

Skill      XL: |  1  2  3  4 |
---------------+-------------+-----
Shapeshifting  | 4 |  4.0
Fighting       | |  1.0
Dodging        | |  2.4
Unarmed Combat | |  3.8

Action                     |  1- 3 |  4- 6 || total
---------------------------+-------+-------++-------
  Melee: Unarmed           |    60 |     5 ||    65
         Constrict         |    17 |     1 ||    18
         Tentacles         |    16 |     3 ||    19
         Punch             |     2 |       ||     2
   Stab: Sleeping          |     2 |       ||     2
 Armour: Skin              |    23 |     5 ||    28
  Dodge: Dodged            |    44 |     5 ||    49
